 Dungeon Crawl Stone Soup version 0.26-a0-21-gf97e55dc39 (webtiles) character file.

Game seed: 12085752489838952967, levelgen mode: deterministic

85 Aksej the Skirmisher (level 4, -3/41 HPs)
             Began as a Minotaur Fighter on May 26, 2020.
             Killed by nerve-wracking pain
             ... invoked by an orc priest
              (13 damage)
             ... on level 3 of the Dungeon.
             The game lasted 00:03:53 (1238 turns).

Aksej the Skirmisher (Minotaur Fighter)             Turns: 1238, Time: 00:03:54

Health: -3/41      AC:  8    Str: 21    XL:     4   Next: 25%
Magic:  3/3        EV: 12    Int:  5    God:
Gold:   83         SH:  9    Dex: 10    Spells: 3/3 levels left

rFire    . . .     SeeInvis .   a - +1 long sword
rCold    . . .     Gourm    .   c - +0 kite shield
rNeg     . . .     Faith    .   b - +0 scale mail
rPois    .         Spirit   .   (helmet restricted)
rElec    .         Reflect  .   (no cloak)
rCorr    .         Harm     .   (no gloves)
MR       .....                  j - +0 pair of boots
Stlth    ..........             (no amulet)
HPRegen  0.13/turn              l - +4 ring of evasion
MPRegen  0.08/turn              (no ring)

@: mighty, lethally poisoned (-3 -> -5)
A: retaliatory headbutt, horns 2
a: no special abilities


You were on level 3 of the Dungeon.
You were not hungry.

You visited 1 branch of the dungeon, and saw 3 of its levels.

You collected 83 gold pieces.

Inventory:

Hand Weapons
 a - a +1 long sword (weapon)
Armour
 b - a +0 scale mail (worn)
 c - a +0 kite shield (worn)
 j - a +0 pair of boots (worn)
Jewellery
 l - a +4 ring of evasion (left hand)
Wands
 k - a wand of iceblast (6)
Scrolls
 i - 2 scrolls of immolation
Potions
 e - a potion of lignification
 g - a potion of curing
Comestibles
 f - 2 rations
 n - 11 chunks of flesh


   Skills:
 * Level 4.3 Fighting
 + Level 3.7 Long Blades
 + Level 4.1 Armour
 * Level 1.5 Dodging
 + Level 3.9 Shields


You had 3 spell levels left.
You didn't know any spells.
Your spell library was empty.

Dungeon Overview and Level Annotations

Branches:
Dungeon (3/15)

Altars:


Innate Abilities, Weirdness & Mutations

You reflexively headbutt those who attack you in melee.
You have a pair of horns on your head.


Message History

The adder is severely wounded.
The adder closely misses you.
You riposte.
You miss the adder.
The adder is severely wounded.
The adder bites you but does no damage.
You barely miss the adder.
The adder is severely wounded.
You feel sick. You block the adder's attack.
You slash the adder!
You kill the adder!
You block the orc priest's attack.
You closely miss the orc priest.
You feel sick. You block the orc priest's attack.
You slash the orc priest!
The orc priest is almost dead.
You block the orc priest's attack.
You closely miss the orc priest.
The orc priest is almost dead.
The orc priest invokes the aid of Beogh against you.
Pain shoots through your body!
You die...

# ##...##
#.##..[..#
#.....).<#
####..)..#
.### ##...##
.... ##.##
..... #.#
...o. #.#
...... #@#
#......
#o#####.≈....S
#oo.oo...≈....
####..≈o...≈..
#≈≈≈≈≈≈o≈≈≈≈
#≈≈≈≈≈o≈≈≈≈≈≈≈
####..≈≈....o.
####≈≈.....
#######


You could see an orc priest and 2 orcs.

Vanquished Creatures
  2 adders
  An ooze (D:2)
  A worm (D:2)
  A dart slug (D:2)
  2 leopard geckos (D:2)
  6 orcs (D:3)
  A ball python (D:2)
  5 bats
  2 giant cockroaches
  6 goblins
  7 hobgoblins
  2 jackals (D:2)
  7 kobolds
  A frilled lizard (D:1)
  4 rats
48 creatures vanquished.

Notes
Turn   | Place    | Note
-------+----------+-------------------------------------------
     0 | D:1      | Aksej the Minotaur Fighter began the quest for the Orb.
     0 | D:1      | Reached XP level 1. HP: 19/19 MP: 0/0
   199 | D:1      | Reached XP level 2. HP: 27/27 MP: 1/1
   527 | D:2      | Reached XP level 3. HP: 29/33 MP: 2/2
   748 | D:2      | Reached skill level 1 in Dodging
  1186 | D:3      | Reached XP level 4. HP: 41/41 MP: 3/3
  1238 | D:3      | Killed from afar by an orc priest

Illustrated notes

Levels and vault maps discovered:
D:1:      dpeg_arrival_pond, layout_rooms
D:2:      layout_loops_ring
D:3:      layout_loops_ring, tso_metal_star, serial_rivers,
          chequers_serial_rivers_small_b, chequers_serial_rivers_small_3,
          chequers_serial_rivers_micro_d, chequers_serial_rivers_micro_e,
          chequers_serial_rivers_large_a, chequers_arboretum, uniq_robin,
          uniq_natasha, uniq_grinder, uniq_crazy_yiuf_cottage

Skill      XL: |  1  2  3 |
---------------+----------+-----
Fighting       | 4 |  4.3
Long Blades    | 3 |  3.7
Armour         | 4 |  4.1
Dodging        | 1 |  1.5
Shields        | |  3.9

Action                   |  1- 3 |  4- 6 || total
-------------------------+-------+-------++-------
Melee: Long sword        |    79 |    19 ||    98
       Headbutt          |    10 |     2 ||    12
  Use: Scroll            |     6 |     1 ||     7
       Potion            |     2 |     1 ||     3
  Eat: Chunk             |     1 |       ||     1
Armor: Scale mail        |    29 |     4 ||    33
Dodge: Dodged            |    38 |     7 ||    45
Block: Kite shield       |    45 |    12 ||    57
       Rpst.: Long sword |    12 |     5 ||    17

Table legend:
 A = Non-vault XP
 B = Vault XP
 C = Vault XP percentage of total XP
 D = Non-vault monster count
 E = Vault monster count
 F = Vault count percentage of total count
                 A         B        C        D         E       F
            +---------+---------+-------+---------+---------+-------
      Total |     122 |       0 |   0.0 |      48 |       0 |   0.0
            +---------+---------+-------+---------+---------+-------
        D:1 |      22 |       0 |   0.0 |      14 |       0 |   0.0
        D:2 |      66 |       0 |   0.0 |      26 |       0 |   0.0
        D:3 |      34 |       0 |   0.0 |       8 |       0 |   0.0
            +---------+---------+-------+---------+---------+-------
